 Dungeon Crawl Stone Soup version 0.23-a0-169-gb21e695 (webtiles) character file.

159 HAL9000 the Cutter (level 5, 0/26 HPs)
             Began as a Vine Stalker Assassin on Sept 10, 2018.
             Slain by a bat (1 damage)
             ... on level 3 of the Dungeon on Sept 11, 2018.
             The game lasted 00:06:26 (2552 turns).

HAL9000 the Cutter (Vine Stalker Assassin)          Turns: 2552, Time: 00:06:27

Health: 0/26       AC:  3    Str: 14    XL:     5   Next: 40%
Magic:  0/6        EV: 11    Int: 11    God:
Gold:   81         SH:  0    Dex: 16    Spells: 4/4 levels left

rFire    + . .     SeeInvis .   p - +1 dagger (venom)
rCold    + . .     Gourm    .   (no shield)
rNeg     . . .     Faith    .   c - +0 robe
rPois    .         Spirit   +   q - +0 helmet
rElec    .         Reflect  .   m - scarf {rC+ rF+}
rCorr    .         Harm     .   (no gloves)
MR       .....                  (no boots)
Stlth    +++.......             (no amulet)
HPRegen  0.48/turn              (no ring)
MPRegen  0.10/turn              (no ring)

@: no status effects
A: fangs 2, regeneration 1, magic shield, antimagic bite, no potion heal 3, rot
immunity
a: no special abilities


You were on level 3 of the Dungeon.
You were not hungry.

You visited 1 branch of the dungeon, and saw 3 of its levels.

You collected 81 gold pieces.

Inventory:

Hand Weapons
 a - a +2 dagger
 b - a +0 blowgun
 p - a +1 dagger of venom (weapon)
Missiles
 e - 6 poisoned needles
 f - 2 curare-tipped needles
Armour
 c - a +0 robe (worn)
 d - a +0 cloak
 m - a scarf of resistance (worn)
 q - a +0 helmet (worn)
Scrolls
 h - 4 scrolls of immolation {unknown}
 i - a scroll of enchant armour {unknown}
 l - a scroll of remove curse {unknown}
Potions
 n - a potion of haste {unknown}
Comestibles
 g - 3 rations
 o - a chunk of flesh


   Skills:
 - Level 1.7 Fighting
 + Level 5.0 Short Blades
 - Level 1.7 Throwing
 - Level 0.7 Dodging
 - Level 4.8 Stealth


You had 4 spell levels left.
You didn't know any spells.
Your spell library was empty.

Dungeon Overview and Level Annotations

Branches:
Dungeon (3/15)

Altars:
Ru


Innate Abilities, Weirdness & Mutations

You have extremely sharp teeth.
Your natural rate of healing is unusually fast.
When hurt, damage is shared between your health and your magic reserves.
Your bite disrupts and absorbs the magic of your enemies.
Potions cannot restore your health.
You are immune to rotting.


Message History

You are too injured to fight recklessly!
You are too injured to fight recklessly!
Unknown command.
You hit the centaur but do no damage.
The centaur is poisoned.
The centaur hits you.
* * * LOW HITPOINT WARNING * * *
You hit the centaur.
The centaur looks as sick as possible!
The centaur is lightly wounded.
The centaur hits you.
* * * LOW HITPOINT WARNING * * *
The bat hits you but does no damage.
You hit the centaur.
The centaur looks as sick as possible!
You bite the centaur, but do no damage.
The centaur is moderately wounded.
The bat hits you.
* * * LOW HITPOINT WARNING * * *
The centaur hits you.
* * * LOW HITPOINT WARNING * * *
It was a potion of curing.
That felt strangely inert.
The bat hits you.
You die...

# #. #..
###.#####
#.......#
#......<#
#......(#######
#.....b@.......
#.....c.#######
#.......#
#.......#
#...>...#
#.......#
#.......#
#########


You could see a centaur and a bat.

Vanquished Creatures
  Jessica (D:2)
  An orc wizard (D:2)
  Natasha (D:2)
  3 adders (D:2)
  An ooze (D:2)
  A worm (D:2)
  A dart slug (D:1)
  3 leopard geckos
  6 bats
  A giant cockroach (D:2)
  5 goblins
  6 hobgoblins
  2 ball pythons
  2 frilled lizards
  6 kobolds
  8 rats
48 creatures vanquished.

Notes
Turn   | Place    | Note
-------+----------+-------------------------------------------
     0 | D:1      | HAL9000 the Vine Stalker Assassin began the quest for the
                  | Orb.
     0 | D:1      | Reached XP level 1. HP: 11/11 MP: 2/2
    58 | D:1      | Reached skill level 2 in Short Blades
   190 | D:1      | Reached XP level 2. HP: 14/15 MP: 3/3
  1015 | D:2      | Found a sacrificial altar of Ru.
  1020 | D:2      | Reached skill level 3 in Short Blades
  1235 | D:2      | Reached XP level 3. HP: 15/18 MP: 4/4
  1893 | D:2      | Gained mutation: Your natural rate of healing is unusually
                  | fast. [Vine Stalker growth]
  1893 | D:2      | Reached XP level 4. HP: 17/23 MP: 5/5
  1960 | D:2      | Upgraded the game from 0.23-a0-164-g7711e57 to
                  | 0.23-a0-169-gb21e695
  2139 | D:2      | Noticed Jessica
  2141 | D:2      | Killed Jessica
  2141 | D:2      | Reached skill level 4 in Short Blades
  2205 | D:2      | Noticed Natasha
  2223 | D:2      | Killed Natasha
  2223 | D:2      | Reached XP level 5. HP: 10/26 MP: 3/6
  2510 | D:2      | Reached skill level 5 in Short Blades
  2545 | D:3      | Noticed a centaur
  2551 | D:3      | HP: 1/26 [centaur (3)]
  2552 | D:3      | Slain by a bat

Vault maps used:
D:1:      scummos_arrival_checkerplants
D:2:      nicolae_ru_great_annihilating_truth, uniq_natasha, uniq_jessica
D:3:      eat_drink_and_be_merry_uskayaw, first_ration, minmay_splitting_lines,
          item_on_display_a

Skill      XL: |  1  2  3  4  5 |
---------------+----------------+-----
Short Blades   | 2 3 4 5 |  5.0
Fighting       | |  1.7
Throwing       | |  1.7
Dodging        | |  0.7
Stealth        | |  4.8

Action                   |  1- 3 |  4- 6 || total
-------------------------+-------+-------++-------
Melee: Dagger            |    88 |    55 ||   143
       Bite              |    18 |    10 ||    28
 Fire: Blowgun           |     6 |     5 ||    11
  Use: Potion            |       |     1 ||     1
 Stab: Sleeping          |     7 |     7 ||    14
  Eat: Chunk             |     3 |     2 ||     5
Armor: Robe              |    38 |     8 ||    46
Dodge: Dodged            |    56 |    23 ||    79

Table legend:
 A = Non-vault XP
 B = Vault XP
 C = Vault XP percentage of total XP
 D = Non-vault monster count
 E = Vault monster count
 F = Vault count percentage of total count
                 A         B        C        D         E       F
            +---------+---------+-------+---------+---------+-------
      Total |     115 |     113 |  49.6 |      42 |       6 |  12.5
            +---------+---------+-------+---------+---------+-------
        D:1 |      27 |       0 |   0.0 |      16 |       0 |   0.0
        D:2 |      87 |     113 |  56.5 |      25 |       6 |  19.4
        D:3 |       1 |       0 |   0.0 |       1 |       0 |   0.0
            +---------+---------+-------+---------+---------+-------
